 Dungeon Crawl Stone Soup version 0.26-a0-812-g31a745ddcd (webtiles) character file.

Game seed: 127150623150306196

2521 kae the Transmogrifier (level 9, -9/44 HPs)
             Began as a Tengu Transmuter on Nov 18, 2020.
             Was an Initiate of Hepliaklqana.
             Killed from afar by a killer bee (24 damage)
             ... with an exploding inner flame
             ... hexed by the player character
             ... on level 8 of the Dungeon.
             The game lasted 00:06:53 (10192 turns).

kae the Transmogrifier (Tengu Transmuter)          Turns: 10192, Time: 00:06:54

Health: -9/44      AC:  2    Str: 13    XL:     9   Next: 54%
Magic:  15/15      EV: 25    Int: 14    God:    Hepliaklqana [......]
Gold:   333        SH:  0    Dex: 20    Spells: 2/15 levels left

rFire    . . .     SeeInvis .     - Unarmed
rCold    . . .     Faith    .   (shield currently unavailable)
rNeg     . . .     Spirit   .   (armour currently unavailable)
rPois    x         Reflect  .   (helmet currently unavailable)
rElec    .         Harm     .   (cloak currently unavailable)
rCorr    .         Rampage  .   (gloves currently unavailable)
MR       .....                  (boots unavailable)
Stlth    ++........             (no amulet)
HPRegen  0.14/turn              (no ring)
MPRegen  0.14/turn              (no ring)

@: lethally poisoned (-9 -> -15), spider-form, attractive, flying quickly and
evasively, quick
A: tiny, reduced essence, mutation resistance 2, able to fly
a: Stop Flying, End Transformation, Recall Ancestor, Ancestor Identity, Renounce
Religion


You were on level 8 of the Dungeon.
You worshipped Hepliaklqana.
Hepliaklqana was noncommittal.
You were a venomous arachnid creature.
You visited 1 branch of the dungeon, and saw 8 of its levels.

You collected 333 gold pieces.

Inventory:

Armour
 a - a +0 robe (melded)
Wands
 f - a wand of disintegration (19)
Scrolls
 b - a scroll of magic mapping
 c - 10 scrolls of identify
 e - a scroll of immolation
 g - 3 scrolls of remove curse
 i - 6 scrolls of teleportation {unknown}
 j - 5 scrolls of blinking {unknown}
 l - 2 scrolls of noise {unknown}
 m - a scroll of fog {unknown}
Potions
 d - a potion of curing
 k - 2 potions of flight
 n - a potion of magic


   Skills:
 * Level 2.4 Fighting
 + Level 2.8 Dodging
 - Level 8.0 Unarmed Combat
 - Level 3.5 Spellcasting
 - Level 8.0 Transmutations
 - Level 2.5 Poison Magic


You had 2 spell levels left.
You knew the following spells:

 Your Spells              Type           Power        Failure   Level
a - Beastly Appendage     Tmut           ####..       4%          1
b - Spider Form           Tmut/Pois      ###.......   19%         3
c - Blade Hands           Tmut           ####......   41%         5
d - Ice Form              Ice/Tmut       ##......     58%         4

Your spell library contained the following spells:

 Spells                   Type           Power        Failure   Level
 Wereblood                Tmut           ####....     5%          2
 Animate Skeleton         Necr           #.....       41%         1
 Apportation              Tloc           #.....       41%         1
 Corona                   Hex            #......      41%         1
 Freeze                   Ice            #...         41%         1
 Summon Small Mammal      Summ           #...         41%         1
 Frozen Ramparts          Ice            #.....       73%         3
 Ozocubu's Armour         Ice            #.......     73%         3
 Hailstorm                Conj/Ice       #.......     97%         4
 Summon Ice Beast         Ice/Summ       #.......     97%         4


Dungeon Overview and Level Annotations

Branches:
Dungeon (8/15)             Temple (0/1) D:7
   Lair: D:8-11

Altars:
Ashenzari
Hepliaklqana
Makhleb
Ru
Wu Jian
Xom
Yredelemnul
The Shining One


Innate Abilities, Weirdness & Mutations

((You have a beak for a mouth.))
((You have claws for feet.))
You can fly continuously.
Your life essence is reduced to manifest your ancestor. (-10% HP)
You are somewhat resistant to both further mutation and mutation removal.


Message History

It was a scroll of immolation.
You feel sick.
The killer bee completely misses you. x2; The killer bee closely misses you.
The killer bee completely misses you. The killer bee barely misses you. x2
The killer bee misses you.
The killer bee stings Amyrtaeus!
Flame seeps out of Amyrtaeus.
Amyrtaeus is engulfed in blazing flames.
Flame seeps out of Amyrtaeus.
Amyrtaeus hits the killer bee.
Flame seeps out of the killer bee.
As you read the scroll labelled SATSYTO USCHOU, it crumbles to dust.
You feel blessed for a moment.
It was a scroll of remove curse.
You feel sick. The killer bee misses you. The killer bee closely misses you.
The killer bee completely misses you.
The killer bee is engulfed in blazing flames.
The killer bee explodes!
The fiery explosion engulfs the killer bee!!
Flame seeps out of the killer bee.
The killer bee is almost dead.
The fiery explosion engulfs you!!
Ouch! That really hurt!
You die...

...........#..#.##.......#
...#####......#.........##
..# #........###.....###
.. #..........##...####
#.........#........##
....[....##........##
.........##....y.§..#
..............yy○#..#
...........####sR§### ..
#.y.†..># #.#.....#
.........# ##...#....#
....##.....# ...# ##..$##
..## #####


You could see the friendly Amyrtaeus the ancestor (inner flame) and 4 killer
bees.

Vanquished Creatures
  A phantom (D:6)
  2 black bears
  3 ogres
  2 centaurs (D:6)
  6 bullfrogs
  A wyvern zombie (D:6)
  2 scorpions
  3 wights (D:6)
  2 howler monkeys
  4 bullfrog zombies
  A centaur zombie (D:6)
  An orc wizard (D:5)
  2 bullfrog skeletons
  3 hounds
  An orc priest (D:4)
  A jelly (D:7)
  4 iguanas
  7 worker ants
  A hound zombie (D:6)
  A worker ant zombie (D:7)
  8 gnolls
  9 adders
  2 white imps
  An adder skeleton (D:6)
  3 worms
  3 dart slugs
  5 leopard geckos
  21 orcs
  3 ball pythons
  4 giant cockroaches
  6 hobgoblins
  7 jackals
  6 kobolds
  3 quokkas
  7 bats
  5 frilled lizards
  3 goblins
  A leopard gecko skeleton (D:4)
  5 rats
150 creatures vanquished.

Vanquished Creatures (collateral kills)
  A bullfrog (D:8)
  A centaur zombie (D:7)
  An orc priest (D:8)
3 creatures vanquished.

Vanquished Creatures (others)
  An ancestor (D:8)
1 creature vanquished.

Grand Total: 154 creatures vanquished

Notes
Turn   | Place    | Note
-------+----------+-------------------------------------------
     0 | D:1      | kae the Tengu Transmuter began the quest for the Orb.
     0 | D:1      | Reached XP level 1. HP: 12/12 MP: 4/4
   315 | D:1      | Reached XP level 2. HP: 16/16 MP: 4/6
  1146 | D:2      | Reached XP level 3. HP: 19/20 MP: 5/7
  1151 | D:2      | Learned a level 3 spell: Spider Form
  1499 | D:2      | Found a glowing golden altar of the Shining One.
  1531 | D:2      | Gained mutation: You are somewhat resistant to further
                  | mutation. [potion of mutation]
  1531 | D:2      | Gained mutation: You are somewhat resistant to both further
                  | mutation and mutation removal. [potion of mutation]
  1650 | D:2      | Found a basalt altar of Yredelemnul.
  2074 | D:2      | Noticed an angel
  2083 | D:3      | Found an ornate altar of the Wu Jian Council.
  2333 | D:3      | Reached XP level 4. HP: 25/25 MP: 6/8
  2651 | D:3      | Reached skill level 1 in Poison Magic
  2981 | D:3      | Found a shimmering altar of Xom.
  3079 | D:4      | Gained mutation: You can fly continuously. [Tengu growth]
  3079 | D:4      | Reached XP level 5. HP: 6/29 MP: 6/10
  3349 | D:4      | Noticed an ogre
  3358 | D:4      | Killed an ogre
  3381 | D:4      | Reached XP level 6. HP: 18/34 MP: 4/11
  3854 | D:4      | Found a sacrificial altar of Ru.
  4385 | D:4      | Reached skill level 5 in Unarmed Combat
  4468 | D:4      | Reached XP level 7. HP: 32/38 MP: 10/12
  4782 | D:5      | Entered Level 5 of the Dungeon
  5453 | D:5      | Reached skill level 5 in Transmutations
  6123 | D:6      | Reached XP level 8. HP: 43/43 MP: 14/14
  6137 | D:6      | Found a hazy altar of Hepliaklqana.
  6789 | D:6      | Found a burning altar of Makhleb.
  7696 | D:6      | HP: 2/43 [centaur zombie (4)]
  7963 | D:6      | Reached XP level 9. HP: 47/47 MP: 13/15
  8413 | D:7      | You are sucked into a shaft and drop 1 floor!
  9199 | D:6      | Became a worshipper of Hepliaklqana the Forgotten
  9372 | D:7      | Found a staircase to the Ecumenical Temple.
  9536 | D:7      | Found a broken altar of Ashenzari.
  9816 | D:7      | Learned a level 5 spell: Blade Hands
  9821 | D:7      | Learned a level 4 spell: Ice Form
 10192 | D:8      | Killed from afar by a killer bee

Illustrated notes

Levels and vault maps discovered:
D:1:      dpeg_arrival_renting, layout_loops_ring
D:2:      layout_loops_ring, grunt_temple_overflow_holy_war
D:3:      layout_rooms, overflow_temple_1_default, marbit_many_paths
D:4:      layout_loops_cross, nicolae_ru_sacrificial_ziggurat
D:5:      minmay_evil_eye, layout_loops_ring, st_stairs_3
D:6:      layout_gridville, nicolae_overflow_hidden_temple,
          makhleb_heckhound_becter
D:7:      layout_basic, evilmike_ruin_ashenzari, minmay_temple_entry_butterflies
D:8:      layout_cave_pools

Skill      XL: |  1  2  3  4  5  6  7  8  9 |
---------------+----------------------------+-----
Transmutations | 2 3 4 5 7 8 |  8.0
Unarmed Combat | 4 5 7 8 |  8.0
Poison Magic   | 1 2 |  2.5
Spellcasting   | 3 |  3.5
Fighting       | 2 |  2.4
Dodging        | |  2.8

Action                   |  1- 3 |  4- 6 |  7- 9 || total
-------------------------+-------+-------+-------++-------
Melee: Unarmed           |    82 |   100 |   317 ||   499
       Kick              |    11 |     9 |    15 ||    35
       Peck              |     7 |     5 |    14 ||    26
       Headbutt          |     8 |     4 |     3 ||    15
       Punch             |     1 |       |     1 ||     2
 Cast: Beastly Appendage |    29 |    10 |     3 ||    42
       Spider Form       |     2 |    11 |    47 ||    60
 Abil: Fly               |       |     1 |       ||     1
  Use: Potion            |     4 |     1 |     6 ||    11
       Scroll            |       |       |     3 ||     3
 Stab: Sleeping          |     1 |     1 |     6 ||     8
       Distracted        |       |       |     3 ||     3
Armor: Robe              |    20 |     5 |     6 ||    31
       Skin              |     9 |     2 |     8 ||    19
Dodge: Dodged            |    48 |    75 |   319 ||   442

Table legend: (Time is in decaauts)
 A = Elapsed time spent in this place.
 B = Non-inter-level travel time spent in this place.
 C = Inter-level travel time spent in this place.
 D = Time resting spent in this place.
 E = Time spent auto-exploring this place.
 F = Levels seen in this place.
 G = Mean time per level.
                   A        B        C        D        E       F      G
               +--------+--------+--------+--------+--------+-----+--------+
         Total |   9898 |   9639 |    259 |   1151 |   7232 |   8 | 1237.2 |
       Dungeon |   9898 |   9639 |    259 |   1151 |   7232 |   8 | 1237.2 |
               +--------+--------+--------+--------+--------+-----+--------+

Top non-repeatable levels by time:
     D:6: 1967 daAuts
     D:4: 1716 daAuts
     D:5: 1537 daAuts
     D:7: 1432 daAuts
     D:2: 1081 daAuts
     D:1: 1068 daAuts
     D:3: 864 daAuts
     D:8: 230 daAuts
